 Dungeon Crawl Stone Soup version 0.29.1-14-g9c671dbff4 (webtiles) character file.

Game seed: 1139070069355445896

39 raph the Digger (level 3, -3/19 HPs)
             Began as a Deep Elf Earth Elementalist on Feb 20, 2023.
             Slain by Terence
             ... wielding a +0 flail
              (8 damage)
             ... on level 2 of the Dungeon.
             The game lasted 00:03:06 (1350 turns).

raph the Digger (Deep Elf Earth Elementalist)       Turns: 1350, Time: 00:03:07

Health: -3/19      AC:  4    Str:  7    XL:     3   Next: 28%
Magic:  0/9        EV: 12    Int: 23    God:
Gold:   65         SH:  0    Dex: 15    Spells: 2/8 levels left

rFire   . . .      SeeInvis .   e - +0 sling
rCold   + . .      Faith    .   (no shield)
rNeg    . . .      Spirit   .   k - +1 leather armour of Folicash {rC+ Regen+ Str+2 Int+2}
rPois   .          Reflect  .   (no helmet)
rElec   .          Harm     .   (no cloak)
rCorr   .          Rampage  .   (no gloves)
Will    .....                   (no boots)
Stlth   ++........              (no amulet)
HPRegen 0.86/turn               (no ring)
MPRegen 0.11/turn               (no ring)

@: no status effects
A: no striking features
a: no special abilities


You were on level 2 of the Dungeon.
You visited 1 branch of the dungeon, and saw 2 of its levels.

You collected 65 gold pieces.

Inventory:

Hand Weapons
 e - a +0 sling (weapon)
Missiles
 g - 5 poisoned darts
Armour
 a - a +0 robe
 k - the +1 leather armour of Folicash (worn) {rC+ Regen+ Str+2 Int+2}
   (You found it on level 2 of the Dungeon)

   Str:       It affects your strength (+2).
   Int:       It affects your intelligence (+2).
   rC:        It protects you from cold.
   Regen:     It increases your rate of health regeneration.
Jewellery
 j - a ring of ice
Scrolls
 c - 3 scrolls of poison {unknown}
 d - a scroll of enchant armour {unknown}
 l - a scroll of blinking {unknown}
 m - a scroll of identify {unknown}
Potions
 b - a potion of magic
 f - 2 potions of curing {unknown}
 h - 2 potions of brilliance {unknown}
 i - 2 potions of berserk rage {unknown}


   Skills:
 + Level 3.0 Dodging
 + Level 3.1 Stealth
 + Level 3.4 Spellcasting
 - Level 1.4 Transmutations
 * Level 3.8 Earth Magic


You had 2 spell levels left.
You knew the following spells:

 Your Spells              Type           Power      Damage    Failure   Level
a - Sandblast             Erth           42%        2d11      3%          1
b - Passwall              Tmut/Erth      13%        N/A       9%          2
c - Stone Arrow           Conj/Erth      24%        3d8       22%         3

Your spell library contained the following spells:

 Spells                   Type           Power      Damage    Failure   Level
 Wereblood                Tmut           10%        N/A       14%         2
 Sublimation of Blood     Necr           4%         N/A       26%         2
 Portal Projectile        Hex/Tloc       8%         N/A       45%         3
 Tukima's Dance           Hex            4%         N/A       45%         3
 Petrify                  Tmut/Erth      16%        N/A       50%         4
 Blade Hands              Tmut           5%         N/A       95%         5
 Summon Hydra             Summ           2%         N/A       100%        7


Dungeon Overview and Level Annotations

Branches:
Dungeon (2/15)

Altars:

Annotations:
D:2 Sigmund, Terence


Message History

Press: ? - help, Shift-Dir - straight line, f/p - Terence
Aim: Terence, wielding a +0 flail and wearing a +0 chain mail (moderately wounded, 87% to hit)
The blast of sand hits Terence but does no damage.
Terence is moderately wounded.
Terence hits you with a +0 flail.
Casting: Sandblast (safe; 3% risk of failure)
Confirm with . or Enter, or press ? or * to list all spells.
Aiming: Sandblast (safe; 3% risk of failure)
Press: ? - help, Shift-Dir - straight line, f/p - Terence
Aim: Terence, wielding a +0 flail and wearing a +0 chain mail (moderately wounded, 87% to hit)
The blast of sand hits Terence.
Terence is heavily wounded.
Terence closely misses you. Terence hits you with a +0 flail.
Casting: Sandblast (safe; 3% risk of failure)
Confirm with . or Enter, or press ? or * to list all spells.
Aiming: Sandblast (safe; 3% risk of failure)
Press: ? - help, Shift-Dir - straight line, f/p - Terence
Aim: Terence, wielding a +0 flail and wearing a +0 chain mail (heavily wounded, 87% to hit)
The blast of sand hits Terence.
Terence is heavily wounded.
Terence drinks a potion.
Terence is healed!
Casting: Sandblast (safe; 3% risk of failure)
Confirm with . or Enter, or press ? or * to list all spells.
Aiming: Sandblast (safe; 3% risk of failure)
Press: ? - help, Shift-Dir - straight line, f/p - Terence
Aim: Terence, wielding a +0 flail and wearing a +0 chain mail (87% to hit)
The blast of sand hits Terence but does no damage.
Terence hits you with a +0 flail!
Ouch! That really hurt!
* * * LOW HITPOINT WARNING * * *
Terence closely misses you.
Casting: Sandblast (safe; 3% risk of failure)
Confirm with . or Enter, or press ? or * to list all spells.
Aiming: Sandblast (safe; 3% risk of failure)
Press: ? - help, Shift-Dir - straight line, f/p - Terence
Aim: Terence, wielding a +0 flail and wearing a +0 chain mail (87% to hit)
The blast of sand hits Terence.
Terence is moderately wounded.
Terence hits you with a +0 flail!
You die...

#.#...#
#.#..####.#
#...#
#..........
#####
#.#..####.
#.#..#
###..# #..#
#..# #..#
#@@#
#(.......
#.#######
#.# #.# ..#
###


You could see Terence.

Vanquished Creatures
  An adder (D:2)
  6 ball pythons (D:1)
  3 endoplasms (D:1)
  2 giant cockroaches (D:1)
  4 hobgoblins (D:1)
  4 jackals (D:1)
  A bat (D:1)
  3 frilled lizards
  A goblin (D:1)
  2 kobolds
  A rat (D:1)
28 creatures vanquished.

Vanquished Creatures (others)
  A plant (D:1)
1 creature vanquished.

Grand Total: 29 creatures vanquished

Notes
Turn   | Place    | Note
-------+----------+-------------------------------------------
     0 | D:1      | raph the Deep Elf Earth Elementalist began the quest for
                  | the Orb.
     0 | D:1      | Reached XP level 1. HP: 10/10 MP: 6/6
   159 | D:1      | Found a faded altar of an unknown god.
   170 | D:1      | Reached XP level 2. HP: 15/15 MP: 6/8
   173 | D:1      | Learned a level 2 spell: Passwall
  1060 | D:2      | Identified the +1 leather armour of Folicash {rC+ Regen+
                  | Str+2 Int+2}
  1088 | D:2      | Reached XP level 3. HP: 10/19 MP: 6/9
  1092 | D:2      | Learned a level 3 spell: Stone Arrow
  1120 | D:2      | Noticed Sigmund
  1338 | D:2      | Noticed Terence
  1350 | D:2      | Slain by Terence

Illustrated notes

Levels and vault maps discovered:
D:1:      mainiacjoe_arrival_reflecting_pool, layout_loops_cross,
          basic_ecumenical_altar, fountainhead, serial_bayou_ford_a
D:2:      layout_basic, basic_altar, uniq_sigmund, uniq_terence

Skill      XL: |  1  2 |
---------------+-------+-----
Stealth        | 3 |  3.1
Dodging        | 3 |  3.0
Spellcasting   | |  3.4
Transmutations | |  1.4
Earth Magic    | |  3.8

Action                   || total
-------------------------++-------
Melee: Unarmed           ||     2
 Fire: Sling             ||    36
 Cast: Sandblast         ||    32
Armor: Robe              ||     6
       Leather armour    ||     3
Dodge: Dodged            ||    29
